 Seeded DCSS version 0.29.1-15-g9cfb28693d (webtiles) character file.

Game seed: 908357883131139266 (custom seed)

1222 Mickster the Magician (level 8, -3/41 (44) HPs)
             Began as a Deep Elf Earth Elementalist on Mar 17, 2023.
             Slain by a wight
             ... wielding a +0 trident of protection
              (9 damage)
             ... on level 6 of the Dungeon on Mar 19, 2023.
             The game lasted 01:21:57 (7195 turns).

Mickster the Magician (Deep Elf Earth Elementalist) Turns: 7195, Time: 01:21:57

HP:   -3/41 (44)    AC:  5    Str:  5    XL:     8   Next: 23%
MP:   21/21         EV: 12    Int: 23    God:
Gold: 189           SH:  0    Dex: 15    Spells: 11/22 levels left

rFire   + . .      SeeInvis .   l - +0 falchion (holy)
rCold   . . .      Faith    .   (no shield)
rNeg    + . .      Spirit   .   m - +2 robe {rN+}
rPois   .          Reflect  .   (no helmet)
rElec   .          Harm     .   (no cloak)
rCorr   .          Rampage  .   d - +0 pair of gloves
Will    +....                   (no boots)
Stlth   ++........              s - amulet of magic regeneration
HPRegen 0.13/turn               f - ring of willpower
MPRegen 0.57/turn               c - ring of protection from fire

@: drained
A: MP-powered wands
a: no special abilities


You were on level 6 of the Dungeon.
You visited 1 branch of the dungeon, and saw 6 of its levels.

You collected 189 gold pieces.

Inventory:

Hand Weapons
 e - a +4 hand axe
 g - a +0 vampiric dagger
 j - a +0 sling
 l - a +0 falchion of holy wrath (weapon)
 o - a +1 dagger of venom
 q - a +0 vorpal great sword
 v - a +2 vorpal hand axe
Missiles
 i - 33 stones (quivered)
Armour
 d - a +0 pair of gloves (worn)
 h - a +0 chain mail
 m - a +2 robe of positive energy (worn)
Jewellery
 c - a ring of protection from fire (right hand)
 f - a ring of willpower (left hand)
 s - an amulet of magic regeneration (around neck)
Wands
 p - a wand of acid (2)
 x - a wand of charming (15)
Scrolls
 r - 3 scrolls of identify
 u - a scroll of poison
 y - a scroll of blinking
Potions
 b - a potion of magic
 k - a potion of heal wounds
 n - 2 potions of flight
 t - a potion of might
 w - 3 potions of curing


   Skills:
 * Level 2.0 Fighting
 * Level 0.6(1.2) Axes
 - Level 1.3(1.4) Maces & Flails
 * Level 2.2 Throwing
 + Level 2.6 Dodging
 + Level 2.8 Stealth
 * Level 7.7 Spellcasting
 * Level 1.8 Conjurations
 * Level 3.4 Hexes
 * Level 2.8 Transmutations
 * Level 2.2 Ice Magic
 * Level 0.5 Air Magic
 * Level 5.6 Earth Magic


You had 11 spell levels left.
You knew the following spells:

 Your Spells              Type           Power      Damage    Failure   Level
a - Sandblast             Erth           68%        2d15      1%          1
b - Passwall              Tmut/Erth      23%        N/A       1%          2
c - Stone Arrow           Conj/Erth      52%        3d10      4%          3
d - Ensorcelled Hibernat  Hex/Ice        44%        N/A       3%          2
e - Swiftness             Air            11%        N/A       17%         3

Your spell library contained the following spells:

 Spells                   Type           Power      Damage    Failure   Level
 Tukima's Dance           Hex            24%        N/A       5%          3
 Summon Guardian Golem    Hex/Summ       16%        N/A       11%         3
 Spider Form              Tmut/Pois      15%        N/A       12%         3
 Petrify                  Tmut/Erth      28%        N/A       12%         4
 Gell's Gravitas          Tloc           8%         N/A       22%         3
 Teleport Other           Tloc           8%         N/A       22%         3
 Anguish                  Hex/Necr       8%         N/A       34%         4
 Yara's Violent Unravell  Hex/Tmut       11%        3d6       47%         5
 Passage of Golubria      Tloc           8%         N/A       56%         4
 Dispersal                Tloc           4%         N/A       100%        6
 Orb of Destruction       Conj           8%         9d6       100%        7
 Spellforged Servitor     Conj/Summ      6%         N/A       100%        7


Dungeon Overview and Level Annotations

Branches:
Dungeon (6/15)             Temple (0/1) D:5

Altars:
Hepliaklqana

Annotations:
D:5 1 runed translucent door, Crazy Yiuf


Innate Abilities, Weirdness & Mutations

You expend magic power (3 MP) to strengthen your wands.


Message History

The wight hits you with a +0 trident of protection!
You partially resist.
You feel drained. The wight barely misses you.
You hit the wight.
The wight convulses.
The wight is almost destroyed.
The wight hits you with a +0 trident of protection.
You barely miss the wight.
The wight is almost destroyed.
The wight hits you with a +0 trident of protection!
You hit the wight but do no damage.
The wight is almost destroyed.
The wight hits you with a +0 trident of protection.
* * * LOW HITPOINT WARNING * * *
The wight closely misses you.
You hit the wight but do no damage.
The wight is severely damaged.
The wight completely misses you.
You hit the wight but do no damage.
The wight is severely damaged.
The wight hits you with a +0 trident of protection.
* * * LOW HITPOINT WARNING * * *
You barely miss the wight. You punch the wight, but do no damage.
The wight is severely damaged.
The wight hits you with a +0 trident of protection.
* * * LOW HITPOINT WARNING * * *
You partially resist.
You feel drained.
You feel much better.
The wight hits you with a +0 trident of protection.
You hit the wight but do no damage.
The wight is severely damaged.
The wight barely misses you.
The wight hits you with a +0 trident of protection.
* * * LOW HITPOINT WARNING * * *
You barely miss the wight.
The wight is severely damaged.
The wight hits you with a +0 trident of protection.
* * * LOW HITPOINT WARNING * * *
You hit the wight but do no damage.
The wight is severely damaged.
The wight hits you with a +0 trident of protection!
You die...

#...# #...#
#...# #####.###
#<......#
#.###.#.#
#.#...#.#
#.#.#.#.#
#@#.....# #
####+#z#####.#.#
#....zz........#
+..o.z########.#
#.....# ##
$.......#
##......#
#......#
........#


You could see 4 wights.

Vanquished Creatures
  Sigmund (D:3)
  Eustachio (D:4)
  A water moccasin (D:4)
  An ogre (D:5)
  2 phantoms (D:5)
  3 killer bees (D:6)
  A howler monkey (D:5)
  3 hounds (D:5)
  2 jellies
  An iguana (D:4)
  Natasha (thrice) (D:3)
  8 adders
  An ufetubus (D:5)
  4 worms
  2 dart slugs
  12 orcs
  6 endoplasms
  3 giant cockroaches
  2 goblins
  5 hobgoblins
  2 jackals (D:2)
  5 quokkas
  5 ball pythons
  4 bats
  4 frilled lizards
  5 kobolds
  7 rats
94 creatures vanquished.

Notes
Turn   | Place    | Note
-------+----------+-------------------------------------------
     0 | D:1      | Mickster the Deep Elf Earth Elementalist began the quest
                  | for the Orb.
     0 | D:1      | Reached XP level 1. HP: 10/10 MP: 6/6
   293 | D:1      | Reached XP level 2. HP: 15/15 MP: 6/8
   741 | D:1      | Learned a level 2 spell: Passwall
  1188 | D:2      | Reached XP level 3. HP: 20/20 MP: 6/10
  1192 | D:2      | Reached skill level 4 in Spellcasting
  1548 | D:2      | Identified a scroll of acquirement
  1548 | D:2      | Acquired Great Wizards, Vol. VII
  1554 | D:2      | Learned a level 3 spell: Stone Arrow
  2058 | D:2      | Reached XP level 4. HP: 24/24 MP: 6/12
  2219 | D:2      | Found a faded altar of an unknown god.
  2861 | D:3      | Learned a level 2 spell: Ensorcelled Hibernation
  2966 | D:3      | Noticed Natasha
  2984 | D:3      | Killed Natasha
  2985 | D:3      | Reached skill level 5 in Spellcasting
  3086 | D:3      | Noticed Sigmund
  3105 | D:3      | Killed Sigmund
  3106 | D:3      | Reached skill level 1 in Fighting
  3106 | D:3      | Reached skill level 1 in Hexes
  3106 | D:3      | Reached skill level 1 in Ice Magic
  3106 | D:3      | Reached XP level 5. HP: 5/29 MP: 15/15
  3106 | D:3      | Reached XP level 6. HP: 6/34 MP: 16/16
  3708 | D:3      | Noticed Natasha
  3716 | D:3      | Killed Natasha
  3803 | D:3      | Noticed Natasha
  3809 | D:3      | Killed Natasha
  3810 | D:3      | Reached skill level 1 in Throwing
  3839 | D:3      | Learned a level 3 spell: Swiftness
  4227 | D:4      | Noticed Eustachio
  4240 | D:4      | Killed Eustachio
  4241 | D:4      | Reached skill level 6 in Spellcasting
  4241 | D:4      | Reached skill level 1 in Conjurations
  4517 | D:4      | Noticed a water moccasin
  4522 | D:4      | Reached skill level 1 in Maces & Flails
  4522 | D:4      | Reached XP level 7. HP: 39/39 MP: 15/18
  5307 | D:5      | Entered Level 5 of the Dungeon
  5467 | D:5      | Found a staircase to the Ecumenical Temple.
  5550 | D:5      | Reached skill level 5 in Earth Magic
  5585 | D:5      | Found a runed translucent door.
  5586 | D:5      | Noticed Crazy Yiuf
  5920 | D:5      | Gained mutation: You expend magic power (3 MP) to
                  | strengthen your wands. [potion of mutation]
  5941 | D:5      | Reached skill level 7 in Spellcasting
  5943 | D:5      | Found a hazy altar of Hepliaklqana.
  6433 | D:5      | Reached XP level 8. HP: 44/44 MP: 19/21
  7195 | D:6      | Slain by a wight

Illustrated notes

Levels and vault maps discovered:
D:1:      dpeg_arrival_castle, layout_basic
D:2:      layout_basic, shapermc_ecumenical_altar_starsandcircs
D:3:      layout_loops_cross, uniq_sigmund, uniq_natasha
D:4:      layout_basic, uniq_eustachio
D:5:      minmay_chambers_of_fours, layout_basic,
          mainiacjoe_overflow_surrounded_room, minmay_temple_entry_tees,
          uniq_crazy_yiuf_cottage
D:6:      layout_basic, minmay_overflow_temple_star_quad, uniq_maggie

Skill      XL: |  1  2  3  4  5  6  7 |
---------------+----------------------+-----
Spellcasting   | 4 5 6 7 |  7.7
Earth Magic    | 4 5 |  5.6
Fighting       | 1 2 |  2.0
Hexes          | 1 2 3 |  3.4
Ice Magic      | 1 2 |  2.2
Throwing       | 1 2 |  2.2
Conjurations   | 1 |  1.8
Transmutations | 2 |  2.8
Maces & Flails | 1 |  1.3
Axes           | |  0.6
Dodging        | |  2.6
Stealth        | |  2.8
Air Magic      | |  0.5

Action                   |  1- 3 |  4- 6 |  7- 9 || total
-------------------------+-------+-------+-------++-------
Melee: Mace              |     6 |    15 |       ||    21
       Dagger            |       |     2 |       ||     2
       Hand axe          |       |       |     5 ||     5
       Great sword       |       |       |     1 ||     1
       Falchion          |       |       |    12 ||    12
       Punch             |       |       |     1 ||     1
Throw: Dart              |       |     3 |     3 ||     6
       Throwing net      |       |     1 |       ||     1
 Cast: Sandblast         |    61 |    45 |    50 ||   156
       Passwall          |     1 |       |       ||     1
       Ensorcelled Hiber |       |     3 |       ||     3
       Stone Arrow       |       |     1 |     2 ||     3
       Swiftness         |       |       |     1 ||     1
  Use: Potion            |     2 |     4 |     2 ||     8
       Scroll            |     2 |     4 |     2 ||     8
Armor: Leather armour    |    10 |       |       ||    10
       Robe              |     1 |     7 |    10 ||    18
Dodge: Dodged            |    29 |    17 |    35 ||    81
